Map: Аура смерти РВ

Players

Invader

  • Race: Zerg Zerg
  • League: Master
  • Spawn Location: 11:00

Kantara - Winner!

  • Race: Protoss Protoss
  • League: Diamond
  • Spawn Location: 5:00

VOD

Have the link to the VOD?

Description

Time

  • Played on: Dec. 5, 2020, 5:49 p.m.
  • Length: 18:46
Show
View Real Time Build Order
Export as new Build Order

Invader Zerg 

Build Orders: Hatch First 

Get SALT Encoding   

  12  0:01  Drone  
  13  0:13  Overlord  
  13  0:21  Drone  
  14  0:32  Drone x2  
  16  0:50  Hatchery  
  16  0:52  Drone  
  17  0:57  Drone  
  17  0:59  Drone  
  18  1:10  Extractor  
  17  1:16  Spawning Pool  
  16  1:19  Drone  
  16  1:22  Drone  
  18  1:30  Drone  
  19  1:41  Overlord  
  19  1:52  Drone  
  20  2:04  Queen  
  20  2:05  Queen  
  20  2:06  Drone x2  
  26  2:14  Zergling x4  
  28  2:17  Metabolic Boost  
  28  2:23  Drone  
  28  2:25  Drone  
  30  2:41  Drone  
  31  2:46  Queen  
  31  2:47  Hatchery  
  32  2:55  Drone x3  
  35  3:02  Drone  
  36  3:17  Overlord x2  
  36  3:34  Queen  
  36  3:35  Drone x6  
  36  3:36  Drone  
  45  3:42  Drone x2  
  47  3:49  Baneling Nest  
  47  3:51  Drone x2  
  47  3:52  Drone x4  
  52  4:06  Queen  
  52  4:09  Drone  
  57  4:10  Drone x3  
  57  4:16  Lair  
  58  4:23  Overlord  
  58  4:24  Overlord  
  58  4:40  Queen  
  58  4:44  Extractor  
  58  4:45  Extractor  
  58  5:05  Drone  
  58  5:06  Drone x14  
  73  5:23  Queen  
  73  5:24  Spire  
  73  5:27  Spire, Overseer  
  73  5:38  Extractor  
  73  5:41  Extractor  
  71  6:13  Spore Crawler  
  71  6:14  Spore Crawler x2  
  68  6:31  Spore Crawler x2  
  66  6:34  Overlord  
  66  6:35  Overlord x2  
  66  6:47  Hatchery  
  66  6:48  Zerg Flyer Armor Level 1, Zerg Flyer Weapons Level 1  
  66  6:51  Overlord x3  
  66  6:52  Overlord  
  65  7:00  Corruptor  
  65  7:01  Corruptor x5  
  78  7:19  Hydralisk Den  
  77  7:25  Queen  
  79  7:32  Corruptor  
  79  7:33  Hatchery, Corruptor x2  
  79  7:36  Drone  
  87  7:37  Drone x17  
  87  7:42  Corruptor  
  104  7:51  Corruptor  
  104  7:52  Extractor  
  105  8:06  Hatchery, Zergling x20  
  114  8:17  Zergling x6  
  117  8:20  Centrifical Hooks  
  117  8:26  Overseer  
  117  8:33  Evolution Chamber  
  116  8:37  Evolution Chamber  
  115  8:42  Overseer  
  115  8:44  Queen  
  117  8:48  Drone  
  117  8:49  Drone x2  
  117  8:50  Overlord x3  
  117  8:51  Overlord x2  
  121  9:04  Overlord  
  121  9:05  Overlord x4  
  121  9:07  Hatchery  
  121  9:08  Zerg Flyer Armor Level 2, Zerg Flyer Weapons Level 2  
  120  9:18  Infestation Pit  
  120  9:19  Extractor  
  118  9:31  Zergling x34  
  135  9:41  Zerg Ground Armor Level 1, Zerg Melee Weapons Level 1  
  135  9:42  Zergling x2  
  135  9:43  Zergling x8  
  140  9:57  Hive  
  140  10:07  Baneling  
  140  10:08  Baneling x22  
  140  10:09  Baneling x4  
  140  10:10  Hatchery  
  139  10:26  Drone  
  139  10:27  Drone x4  
  139  10:28  Drone x13  
  157  10:36  Extractor  
  156  10:44  Corruptor x6  
  162  11:05  Extractor  
  162  11:07  Extractor  
  160  11:19  Corruptor x7  
  174  11:35  Corruptor x3  
  174  11:36  Corruptor  
  170  11:49  Corruptor  
  170  11:50  Corruptor x2  
  176  11:55  Queen  
  176  11:56  Overlord x2  
  178  12:03  Drone x7  
  185  12:08  Hatchery  
  170  12:33  Zergling x2  
  170  12:34  Zergling x34  
  170  12:35  Zergling x20  
  179  12:37  Queen  
  181  12:49  Zerg Melee Weapons Level 2  
  181  12:50  Zerg Ground Armor Level 2  
  181  12:56  Corruptor  
  181  12:57  Corruptor x8  
  199  13:19  Unknown  
  166  13:35  Hatchery  
  166  13:40  Overlord, Zergling x14  
  164  13:45  Zergling x12  
  164  13:46  Zergling x22  
  181  13:54  Zergling x12  
  187  14:13  Greater Spire  
  187  14:15  Zerg Flyer Weapons Level 3  
  187  14:21  Baneling x23  
  187  14:22  Baneling x27  
  187  14:44  Drone x5  
  172  15:05  Viper x4  
  172  15:06  Viper  
  183  15:11  Drone  
  183  15:12  Extractor, Drone x6  
  179  16:22  Ultralisk Cavern  
  176  16:35  Extractor  
  153  17:24  Hatchery, Ultralisk x7  
  153  17:25  Ultralisk  
  200  17:46  Unknown  
  200  17:48  Unknown  
Show
View Real Time Build Order
Export as new Build Order

Kantara Protoss - Winner!

Build Orders: 1 Gate Expand, Carriers 

Get SALT Encoding   

  12  0:00  Probe  
  13  0:12  Probe  
  14  0:19  Pylon  
  14  0:25  Probe (Chrono Boost)  
  15  0:38  Gateway  
  15  0:39  Probe (Chrono Boost)  
  16  0:44  Probe (Chrono Boost)  
  16  0:47  Assimilator  
  17  0:54  Probe  
  18  1:06  Probe  
  19  1:18  Probe  
  20  1:28  Nexus  
  20  1:31  Probe  
  21  1:38  Cybernetics Core  
  21  1:43  Probe  
  21  1:46  Assimilator  
  22  1:51  Pylon  
  22  1:55  Probe  
  23  2:09  Probe  
  23  2:14  Stalker  
  26  2:16  Warp Gate  
  26  2:21  Probe  
  27  2:33  Probe  
  28  2:41  Probe (Chrono Boost)  
  28  2:44  Sentry  
  28  2:45  Probe (Chrono Boost)  
  31  2:53  Probe (Chrono Boost)  
  31  2:56  Probe (Chrono Boost)  
  31  2:58  Shield Battery  
  33  2:59  Probe (Chrono Boost)  
  33  3:01  Probe (Chrono Boost)  
  33  3:03  Stargate  
  35  3:08  Probe (Chrono Boost)  
  35  3:12  Probe (Chrono Boost)  
  37  3:15  Assimilator  
  37  3:18  Assimilator  
  38  3:20  Probe (Chrono Boost)  
  38  3:22  Probe (Chrono Boost)  
  38  3:25  Probe (Chrono Boost)  
  40  3:27  Probe (Chrono Boost)  
  41  3:35  Probe  
  41  3:38  Probe  
  43  3:44  Pylon  
  43  3:45  Pylon  
  43  3:47  Pylon, Probe  
  44  3:50  Probe  
  44  3:53  Void Ray (Chrono Boost)  
  44  3:55  Stargate  
  45  3:57  Pylon  
  45  3:59  Probe  
  50  4:09  Probe  
  51  4:19  Probe  
  51  4:23  Void Ray  
  52  4:26  Probe  
  52  4:31  Probe  
  58  4:37  Nexus  
  58  4:39  Pylon  
  58  4:41  Assimilator  
  58  4:46  Assimilator  
  58  4:51  Probe x2  
  60  4:54  Void Ray  
  60  5:03  Void Ray  
  60  5:04  Robotics Facility, Probe x2 (Chrono Boost)  
  66  5:13  Shield Battery  
  72  5:14  Probe (Chrono Boost)  
  72  5:15  Probe (Chrono Boost)  
  72  5:19  Probe x2 (Chrono Boost)  
  73  5:22  Twilight Council  
  74  5:29  Forge  
  74  5:30  Probe x2  
  76  5:42  Probe  
  77  5:44  Probe  
  78  5:54  Probe  
  78  5:56  Probe  
  80  5:57  Probe  
  80  5:58  Charge  
  80  6:04  Protoss Ground Weapons Level 1 (Chrono Boost)  
  81  6:06  Observer, Probe  
  81  6:08  Probe  
  81  6:09  Probe  
  85  6:13  Robotics Facility  
  85  6:15  Robotics Bay  
  85  6:19  Gateway, Probe (Chrono Boost)  
  85  6:20  Gateway  
  85  6:21  Probe x2 (Chrono Boost)  
  85  6:22  Gateway  
  88  6:27  Pylon  
  91  6:33  Probe x2 (Chrono Boost)  
  91  6:36  Probe (Chrono Boost), Pylon x2  
  91  6:39  Probe (Chrono Boost), Pylon  
  92  6:43  Probe (Chrono Boost)  
  92  6:45  Nexus  
  93  6:50  Observer  
  94  7:06  Colossus, Probe x3  
  97  7:13  Pylon  
  97  7:14  Colossus  
  103  7:16  Extended Thermal Lance (Chrono Boost)  
  103  7:18  Probe  
  110  7:29  Templar Archives  
  110  7:31  Gateway  
  110  7:35  Gateway  
  110  7:37  Gateway  
  110  7:39  Probe x3  
  110  7:41  Gateway  
  113  7:47  Gateway x2  
  113  7:48  Photon Cannon  
  113  8:01  Gateway, Probe x3  
  113  8:02  Colossus, Probe  
  117  8:12  Disruptor  
  123  8:13  Probe  
  127  8:22  Probe x3  
  127  8:23  High Templar x4  
  127  8:25  Probe  
  139  8:29  Protoss Ground Weapons Level 2 (Chrono Boost)  
  139  8:32  Archon x2, Assimilator  
  139  8:34  Assimilator  
  139  8:40  Disruptor, Probe x4  
  143  8:51  Protoss Air Weapons Level 1 (Chrono Boost)  
  143  8:52  Disruptor  
  149  9:06  High Templar x3  
  155  9:10  Archon  
  155  9:18  Pylon  
  155  9:19  Pylon x2  
  155  9:23  Pylon  
  155  9:25  Stargate  
  155  9:29  Fleet Beacon  
  155  9:32  Stargate  
  155  9:36  Disruptor (Chrono Boost)  
  158  9:40  Probe  
  158  9:41  Probe  
  160  9:49  High Templar x5  
  170  9:54  Archon, Assimilator  
  170  9:55  Archon, Nexus  
  170  9:56  Disruptor (Chrono Boost)  
  170  9:57  Pylon, Assimilator  
  170  10:00  Pylon  
  170  10:02  Pylon  
  173  10:08  Disruptor (Chrono Boost)  
  173  10:12  High Templar  
  178  10:18  Pylon  
  178  10:20  Pylon  
  178  10:22  Archon  
  178  10:40  Protoss Ground Weapons Level 3  
  178  10:52  Pylon  
  178  10:54  Pylon  
  176  10:57  Pylon  
  176  11:04  Mothership (Chrono Boost)  
  176  11:05  Gateway  
  176  11:07  Gateway  
  176  11:09  Gateway  
  176  11:10  Protoss Air Weapons Level 2 (Chrono Boost)  
  184  11:11  Gateway  
  184  11:14  Photon Cannon  
  184  11:15  Photon Cannon  
  184  11:18  Photon Cannon x2  
  184  11:19  Photon Cannon x4  
  184  11:20  Photon Cannon  
  184  11:21  Shield Battery, Disruptor, Photon Cannon  
  184  11:22  Photon Cannon  
  184  11:23  Shield Battery  
  184  11:24  Shield Battery  
  183  11:41  Void Ray  
  183  11:42  Void Ray  
  183  11:48  Carrier  
  197  12:07  Photon Cannon  
  197  12:09  Photon Cannon  
  197  12:12  Photon Cannon  
  197  12:14  Photon Cannon  
  197  12:18  Photon Cannon  
  197  12:20  Shield Battery  
  197  12:22  Shield Battery  
  196  12:43  Pylon  
  196  12:44  Gateway  
  196  12:46  Pylon  
  196  13:28  Mothership (Chrono Boost)  
  196  13:32  Protoss Shields Level 1 (Chrono Boost)  
  196  13:34  Pylon  
  196  13:37  Nexus, Pylon  
  196  13:42  Pylon  
  196  13:43  Assimilator  
  196  13:44  Assimilator  
  196  13:55  Protoss Air Weapons Level 3 (Chrono Boost)  
  196  14:01  Nexus  
  196  14:04  Unknown, Pylon  
  196  14:05  Unknown  
  196  14:07  Pylon  
  196  14:10  Photon Cannon  
  196  14:13  Photon Cannon, Pylon  
  196  14:15  Photon Cannon  
  196  14:16  Photon Cannon  
  196  14:17  Photon Cannon  
  196  14:18  Photon Cannon  
  196  14:22  Shield Battery x2  
  196  14:45  Photon Cannon  
  196  14:46  Photon Cannon  
  196  14:48  Photon Cannon  
  196  14:50  Photon Cannon  
  196  14:52  Photon Cannon  
  196  14:54  Photon Cannon  
  196  14:55  Photon Cannon  
  196  14:56  Shield Battery  
  196  14:58  Photon Cannon  
  189  15:00  Shield Battery x2  
  174  15:36  Probe x2  
  174  15:37  Probe x3  
  179  15:44  Carrier  
  179  15:45  Carrier x2  
  179  15:48  Probe x2  
  179  15:49  Probe  
  200  16:00  Pylon  
  200  16:01  Pylon  
  200  16:02  Pylon  
  200  16:03  Assimilator  
  200  16:31  Carrier  
  188  16:38  Protoss Air Armor Level 1 (Chrono Boost)  
  180  16:48  Mothership  
  180  16:49  Carrier x2  
  137  18:39  High Templar x6  
  137  18:40  High Templar x4  
Tags
 
Add a new tag
Caveats
  • Supply blocks, unpowered buildings, or Contaminate may cause inaccurate times.
  • Supply counts are checked every 10 seconds.